 Dungeon Crawl Stone Soup version 0.30.1-11-g7821555f0a (webtiles) character file.

Game seed: 11638687304220417525

143110 andronian the Warrior (level 17, -3/156 HPs)
             Began as a Merfolk Fighter on Nov 30, 2023.
             Was the Champion of Okawaru.
             Slain by the 27-headed Lernaean hydra (11 damage)
             ... on level 4 of the Swamp.
             The game lasted 01:10:57 (24143 turns).

andronian the Warrior (Merfolk Fighter)            Turns: 24143, Time: 01:10:58

Health: -3/156     AC: 33    Str: 34    XL:     17   Next: 36%
Magic:  16/23      EV: 14    Int: 10    God:    Okawaru [******]
Gold:   983        SH: 14    Dex: 22    Spells: 16/16 levels left

rFire   + . .        a - +8 demon trident of a Million Emperors {elec, rN++ Str+5 Dex-2}
rCold   + + .        c - +0 kite shield
rNeg    + + .        G - +0 gold dragon scales
rPois   +            i - +1 helmet
rElec   +            l - +1 cloak of Starlight {*Dazzle EV+4 Stlth--}
rCorr   +            B - +2 pair of gloves of Kindness {Will+ Int-5 Dex+8}
SInv    +            F - +1 pair of boots {rampage}
Will    ++...        b - amulet of Balance {rElec rC+ Regen+ Str+2 Dex+3} Stlth
                     s - ring of resist corrosion
HPRegen 1.26/turn    K - ring "Bepecu Noda" {Str+4 Int+6 SInv}
MPRegen 0.18/turn

%: rampage
@: about to teleport, heroic, finesse-ful
A: (nimble swimmer 2), mertail
a: Renounce Religion, Heroism, Finesse, Duel


You were on level 4 of the Swamp.
You worshipped Okawaru.
Okawaru was exalted by your worship.
You visited 4 branches of the dungeon, and saw 26 of its levels.

You collected 3275 gold pieces.
You spent 2292 gold pieces at shops.

Inventory:

Hand Weapons
 a - the +8 demon trident of a Million Emperors (weapon) {elec, rN++ Str+5 Dex-2}
   (You acquired it on level 4 of the Dungeon)

   Str:       It affects your strength (+5).
   Dex:       It affects your dexterity (-2).
   rN:        It greatly protects you from negative energy.
Missiles
 J - 35 poisoned darts (quivered)
 Q - 7 javelins
Armour
 c - a +0 kite shield (worn)
 i - a +1 helmet (worn)
 l - the +1 cloak of Starlight (worn) {*Dazzle EV+4 Stlth--}
   (Okawaru gifted it to you on level 11 of the Dungeon)

   *Dazzle:   It may blind those who miss an attack against the wearer in melee
   combat.
   EV:        It affects your evasion (+4).
   Stlth:     It makes you much less stealthy.
 r - the +6 chain mail of Fuplac {rElec Str+4 SInv}
   (Okawaru gifted it to you on level 13 of the Dungeon)

   Str:       It affects your strength (+4).
   rElec:     It insulates you from electricity.
   SInv:      It lets you see invisible.
 y - a +0 kite shield of reflection
 B - the +2 pair of gloves of Kindness (worn) {Will+ Int-5 Dex+8}
   (You bought it in a shop on level 2 of the Orcish Mines)

   Int:       It affects your intelligence (-5).
   Dex:       It affects your dexterity (+8).
   Will:      It increases your willpower.
 F - a +1 pair of boots of rampaging (worn)
 G - +0 gold dragon scales (worn)
Jewellery
 b - the amulet of Balance (around neck) {rElec rC+ Regen+ Str+2 Dex+3}
   (You bought it in a shop on level 2 of the Orcish Mines)

   [amulet of regeneration]

   Str:       It affects your strength (+2).
   Dex:       It affects your dexterity (+3).
   rC:        It protects you from cold.
   rElec:     It insulates you from electricity.
   Regen:     It increases your rate of health regeneration.
 n - a ring of protection from fire
 s - a ring of resist corrosion (left hand)
 K - the ring "Bepecu Noda" (right hand) {Str+4 Int+6 SInv}
   (You took it off a centaur warrior on level 14 of the Dungeon)

   [ring of intelligence]

   Str:       It affects your strength (+4).
   Int:       It affects your intelligence (+6).
   SInv:      It lets you see invisible.
 O - a +6 ring of strength
Wands
 x - a wand of paralysis (26)
 H - a wand of digging (7)
 M - a wand of flame (47)
 N - a wand of acid (9)
 S - a wand of roots (14)
 W - a wand of polymorph (9)
 Z - a wand of mindburst (1)
Scrolls
 f - 12 scrolls of teleportation
 o - 3 scrolls of acquirement
 p - 3 scrolls of fear
 w - 2 scrolls of fog
 C - 6 scrolls of identify
 D - 3 scrolls of enchant armour
 E - 5 scrolls of silence
 L - 7 scrolls of blinking
 X - 2 scrolls of magic mapping
Potions
 d - 6 potions of attraction
 e - 2 potions of cancellation
 g - 4 potions of lignification
 h - 11 potions of curing
 j - 5 potions of heal wounds
 k - 6 potions of haste
 q - 2 potions of might
 t - 3 potions of berserk rage
 u - 2 potions of resistance
 v - 2 potions of brilliance
 z - a potion of invisibility
 A - 3 potions of ambrosia


   Skills:
 * Level 20.5(25.5) Fighting
 * Level 15.9(20.9) Polearms
 - Level 6.0(11.0) Throwing
 + Level 11.8(16.8) Armour
 + Level 9.1(14.1) Shields
 - Level 9.2 Invocations
 - Level 9.0 Evocations


You had 16 spell levels left.
You didn't know any spells.
Your spell library contained the following spells:

 Spells                   Type           Power      Damage    Failure   Level
 Foxfire                  Conj/Fire      0%         2x1d4     99%         1
 Magic Dart               Conj           0%         1d3       99%         1
 Shock                    Conj/Air       0%         1d3       99%         1
 Ensorcelled Hibernation  Hex/Ice        0%         N/A       100%        2
 Passwall                 Tmut/Erth      0%         N/A       100%        2
 Searing Ray              Conj           0%         2d4       100%        2
 Inner Flame              Hex/Fire       0%         N/A       100%        3
 Swiftness                Air            0%         N/A       100%        3
 Vhi's Electric Charge    Tloc/Air       0%         N/A       100%        3
 Airstrike                Air            0%         2d(0-16)  100%        4
 Flame Wave               Conj/Fire      0%         2d4       100%        4
 Fulminant Prism          Conj/Hex       0%         3d5       100%        4
 Sticky Flame             Conj/Fire      0%         2d3       100%        4
 Arcjolt                  Conj/Air       0%         1d10      100%        5
 Fireball                 Conj/Fire      0%         3d3       100%        5
 Iskenderun's Battlesphe  Conj           0%         2d6       100%        5
 Yara's Violent Unravell  Hex/Tmut       0%         3d3       100%        5
 Conjure Ball Lightning   Conj/Air       0%         3x3d6     100%        6
 Plasma Beam              Fire/Air       0%         2x1d11    100%        6
 Starburst                Conj/Fire      0%         6d3       100%        6
 Enfeeble                 Hex            0%         N/A       100%        7
 Orb of Destruction       Conj           0%         9d5       100%        7


Dungeon Overview and Level Annotations

Branches:
Dungeon (15/15)            Temple (0/1) D:7            Lair (5/5) D:10
  Swamp (4/4) Lair:2        Snake (0/4) Lair:3        Slime (0/5) Lair:4
    Orc (2/2) D:9             Elf (0/3) Orc:2        Vaults (0/5) D:14
 Depths (0/4) D:15

Altars:
Ashenzari
Elyvilon
Hepliaklqana
Nemelex Xobeh
Okawaru
Vehumet
Wu Jian
Xom
Zin
The Shining One
Jiyva

Shops:
D:2 [   D:5 [   D:6 *   D:9 [   Orc:2 [(=*

Portals:
Trove: D:15 (give +4 shadow dragon scales)

Annotations:
D:7 7 runed translucent doors, bairyn's ghost, novice DESu
Swamp:2 3 runed translucent doors, Fractals's ghost, journeyman MiBe; Kazon's ghost, adept GrFi
Swamp:4 Lernaean hydra


Innate Abilities, Weirdness & Mutations

((You are very nimble when in or above water. (Stealth+, EV+, Speed+++)))
Your lower body shifts to a powerful aquatic tail in water.


Message History

The 27-headed Lernaean hydra bites you but does no damage. x2
You block the 27-headed Lernaean hydra's attack. x2
The 27-headed Lernaean hydra bites you but does no damage.
The 27-headed Lernaean hydra bites you!
* * * LOW HITPOINT WARNING * * *
The 27-headed Lernaean hydra misses you.
The 27-headed Lernaean hydra bites you but does no damage.
The 27-headed Lernaean hydra bites you!
* * * LOW HITPOINT WARNING * * *
The 27-headed Lernaean hydra bites you.
* * * LOW HITPOINT WARNING * * *
The 27-headed Lernaean hydra bites you but does no damage.
The 27-headed Lernaean hydra misses you.
The 27-headed Lernaean hydra bites you but does no damage.
You block the 27-headed Lernaean hydra's attack.
The 27-headed Lernaean hydra bites you but does no damage.
You block the 27-headed Lernaean hydra's attack.
The 27-headed Lernaean hydra bites you!
* * * LOW HITPOINT WARNING * * *
The 27-headed Lernaean hydra misses you.
The 27-headed Lernaean hydra bites you but does no damage.
You block the 27-headed Lernaean hydra's attack.
The 27-headed Lernaean hydra bites you.
* * * LOW HITPOINT WARNING * * *
The 27-headed Lernaean hydra bites you.
* * * LOW HITPOINT WARNING * * *
The 27-headed Lernaean hydra bites you but does no damage.
The 27-headed Lernaean hydra bites you!
* * * LOW HITPOINT WARNING * * *
The 27-headed Lernaean hydra bites you but does no damage.
The swamp dragon bites you but does no damage.
The swamp dragon barely misses you. You block the swamp dragon's attack.
The swamp dragon barely misses you. The swamp dragon misses you.
The swamp dragon tramples you but does no damage.
You hear a roar!
As you read the scroll of teleportation, it crumbles to dust.
You feel strangely unstable.
The 27-headed Lernaean hydra bites you but does no damage.
The 27-headed Lernaean hydra bites you!
You die...

≈## ≈~#≈ .#≈. ####
..# ##≈≈## ≈.~#
#≈#≈.####..#
##≈~#≈≈≈#D~~#~.#
#≈..≈#~.@D§((~(≈
##≈≈.≈≈~##D≈.~#.~
#≈#~~...~........
#≈..~.≈~≈≈#..≈.~≈
#~≈.~~.~.≈.#.≈.~.
##≈#.~#~≈~~§≈.~.≈#
#≈≈≈~#≈≈≈≈~#~.#~≈~
##≈..~≈≈≈~~~≈.≈..≈
#~~.≈≈≈.≈≈.≈.


You could see the 27-headed Lernaean hydra and 2 swamp dragons.

Vanquished Creatures
  3 thorn hunters
  Kirke (D:14)
  A fenstrider witch (Swamp:3)
  An orc warlord (Orc:2)
  Azrael (D:15)
  3 eleionomae
  4 bunyips
  Snorg (D:13)
  An ettin (D:15)
  The ghost of mrw3rdna the Slicer, a journeyman SpVM of Wu Jian (Lair:5)
  4 vault guards (D:14)
  2 ghost crabs
  Erica (Lair:2)
  An ogre mage (Orc:2)
  14 hydras
  8 centaur warriors
  5 boulder beetles
  4 catoblepae
  5 two-headed ogres
  11 alligators
  4 death yaks (Lair:5)
  4 orc high priests
  2 tengu warriors
  A deep troll shaman (Lair:5)
  4 spriggans
  Nergalle (Lair:2)
  A hell knight (D:15)
  A fire crab (shapeshifter) (D:14)
  A fire crab (Lair:4)
  5 skeletal warriors (D:14)
  A death drake (Swamp:3)
  2 spriggan druids (Swamp:1)
  5 goliath frogs
  12 swamp dragons
  A deep troll (D:15)
  8 orc knights
  3 wizards
  6 bog bodies
  5 deep elf pyromancers
  A lindwurm (Lair:5)
  4 will-o-the-wisps
  8 orc sorcerers
  18 ugly things
  3 manticores
  A faun (shapeshifter) (D:14)
  A wolf spider (D:14)
  5 cyclopes
  4 elephants (Lair:5)
  Maurice (D:13)
  Joseph (D:9)
  A black mamba (Lair:2)
  2 gargoyles
  8 cane toads
  3 freezing wraiths
  2 unseen horrors
  9 yaktaurs (D:15)
  Maggie (D:6)
  4 tengu conjurers
  An efreet (D:14)
  3 kobold demonologists (D:12)
  5 rime drakes
  6 komodo dragons
  4 trolls
  A bloated husk (Swamp:4)
  5 hornets
  Grinder (D:5)
  4 tyrant leeches
  3 polar bears
  Prince Ribbit (D:9)
  26 blink frogs
  3 slime creatures
  35 yaks
  2 shadows
  6 wraiths
  5 wyverns
  5 fire elementals (D:15)
  4 humans (D:14)
  4 wargs
  2 basilisks (D:14)
  19 swamp worms
  Menkaure (D:7)
  10 vampire mosquitoes
  3 nagas (Lair:3)
  An acid dragon (D:10)
  2 hell hounds (D:15)
  10 water moccasins
  4 swamp drakes
  Duvessa (D:5)
  5 ice beasts
  2 sky beasts
  30 orc warriors
  6 black bears
  18 wolves
  9 ogres
  13 centaurs
  7 kobold brigands
  2 phantoms
  Blork the orc (D:6)
  11 bullfrogs
  3 gnoll sergeants
  3 scorpions
  Dowan (D:5)
  24 killer bees
  9 electric eels
  5 howler monkeys
  4 jellies
  22 orc priests
  2 hounds (D:5)
  Crazy Yiuf (D:2)
  A gnoll bouda (D:8)
  2 sleepcaps
  5 iguanas
  27 orc wizards
  14 gnolls
  8 adders
  A shadow imp (D:5)
  2 white imps (D:7)
  2 ufetubi (D:5)
  2 worms
  3 dart slugs
  69 orcs
  9 endoplasms
  3 giant cockroaches
  7 goblins
  5 hobgoblins
  13 jackals
  2 quokkas (D:3)
  8 ball pythons
  5 bats
  5 frilled lizards
  33 kobolds
  3 rats
800 creatures vanquished.

Vanquished Creatures (others)
  An alligator (Swamp:3)
  A bloated husk (Swamp:3)
  An acid dragon (D:14)
  An orc warrior (D:15)
  6 foxfires
10 creatures vanquished.

Grand Total: 810 creatures vanquished

Notes
Turn   | Place    | Note
-------+----------+-------------------------------------------
     0 | D:1      | andronian the Merfolk Fighter began the quest for the Orb.
     0 | D:1      | Reached XP level 1. HP: 18/18 MP: 1/1
   308 | D:1      | Reached XP level 2. HP: 22/24 MP: 2/2
  1031 | D:2      | Reached XP level 3. HP: 29/30 MP: 3/3
  1160 | D:2      | Found a runed translucent door.
  1161 | D:2      | Noticed Crazy Yiuf
  1204 | D:2      | Found Coaputot's Antique Armour Boutique.
  1639 | D:2      | HP: 1/30 [Crazy Yiuf/+4 quarterstaff of chaos (3)]
  1640 | D:2      | Killed Crazy Yiuf
  1641 | D:2      | Reached skill level 4 in Fighting
  1641 | D:2      | Reached skill level 5 in Polearms
  1641 | D:2      | Reached XP level 4. HP: 1/37 MP: 4/4
  1958 | D:3      | Found a sparkling altar of Nemelex Xobeh.
  2090 | D:3      | Found a faded altar of an unknown god.
  2239 | D:4      | Reached XP level 5. HP: 43/43 MP: 5/5
  2241 | D:4      | Noticed an ogre
  2572 | D:4      | Identified a scroll of acquirement
  2572 | D:4      | Acquired the +8 demon trident of a Million Emperors {elec,
                  | rN++ Str+5 Dex-2}
  2585 | D:4      | Noticed a centaur
  2593 | D:4      | Killed a centaur
  2594 | D:4      | Reached skill level 5 in Fighting
  2594 | D:4      | Reached XP level 6. HP: 33/51 MP: 6/6
  2789 | D:4      | Found a radiant altar of Vehumet.
  2933 | D:4      | Reached XP level 7. HP: 56/56 MP: 7/7
  3047 | D:5      | Entered Level 5 of the Dungeon
  3078 | D:5      | Found a white marble altar of Elyvilon.
  3318 | D:5      | Found Egara's Dragon-Slaying Spoils.
  3342 | D:5      | Noticed Dowan
  3342 | D:5      | Noticed Duvessa
  3351 | D:5      | Killed Duvessa
  3354 | D:5      | Killed Dowan
  3359 | D:5      | Reached skill level 6 in Fighting
  3444 | D:5      | Reached XP level 8. HP: 65/65 MP: 8/8
  3667 | D:5      | Reached skill level 10 in Polearms
  3874 | D:5      | Reached skill level 7 in Fighting
  3987 | D:5      | Noticed Grinder
  3999 | D:5      | Killed Grinder
  4082 | D:5      | Found a glowing golden altar of the Shining One.
  4231 | D:5      | Became a worshipper of the Shining One
  4328 | D:6      | Found Jehau's Assorted Antiques.
  4398 | D:6      | Was placed under penance by the Shining One
  4516 | D:6      | Reached XP level 9. HP: 73/73 MP: 9/9
  4519 | D:6      | Fell from the grace of the Shining One
  4588 | D:6      | Found a hazy altar of Hepliaklqana.
  4597 | D:6      | Reached skill level 8 in Fighting
  4597 | D:6      | Found a glowing silver altar of Zin.
  4608 | D:6      | Found an ornate altar of the Wu Jian Council.
  4609 | D:6      | Found a broken altar of Ashenzari.
  4628 | D:6      | Noticed Maggie
  4642 | D:6      | Killed Maggie
  4751 | D:6      | Noticed Blork the orc
  4752 | D:6      | Killed Blork the orc
  4824 | D:6      | Found an iron altar of Okawaru.
  4843 | D:6      | Became a worshipper of Warmaster Okawaru
  5161 | D:7      | Reached skill level 9 in Fighting
  5199 | D:7      | Reached skill level 10 in Fighting
  5199 | D:7      | Reached XP level 10. HP: 85/85 MP: 10/10
  5297 | D:7      | Found a staircase to the Ecumenical Temple.
  5299 | D:7      | Noticed a gargoyle
  5311 | D:7      | Killed a gargoyle
  5311 | D:7      | Reached * piety under Okawaru
  5333 | D:7      | You fall into a shaft and drop 2 floors!
  5386 | D:7      | Reached skill level 11 in Fighting
  5441 | D:7      | Found a shimmering altar of Xom.
  5602 | D:7      | Found a large runed translucent door.
  5602 | D:7      | Found a large runed translucent door.
  5605 | D:7      | Found a large runed translucent door.
  5605 | D:7      | Found a large runed translucent door.
  5606 | D:7      | Noticed a cyclops
  5606 | D:7      | Noticed a manticore
  5663 | D:7      | Noticed a cyan ugly thing
  5677 | D:7      | Killed a cyan ugly thing
  5790 | D:7      | Reached ** piety under Okawaru
  5838 | D:7      | Found a runed translucent gate.
  5838 | D:7      | Found a runed translucent gate.
  5838 | D:7      | Found a runed translucent gate.
  5840 | D:7      | Noticed a kobold demonologist
  5840 | D:7      | Noticed bairyn's ghost (novice DESu)
  5993 | D:7      | Noticed Menkaure
  6004 | D:7      | Killed Menkaure
  6360 | D:8      | Reached *** piety under Okawaru
  6718 | D:8      | Reached skill level 5 in Armour
  6810 | D:9      | Reached skill level 12 in Fighting
  6813 | D:9      | Found a staircase to the Orcish Mines.
  6813 | D:9      | Found Xiotir's Armour Shop.
  6893 | D:9      | Noticed a two-headed ogre
  6903 | D:9      | Killed a two-headed ogre
  6904 | D:9      | Reached XP level 11. HP: 88/95 MP: 11/11
  6942 | D:9      | Noticed Joseph
  6952 | D:9      | Killed Joseph
  7037 | D:9      | Noticed a two-headed ogre
  7048 | D:9      | Killed a two-headed ogre
  7232 | D:8      | Reached **** piety under Okawaru
  7891 | D:9      | Noticed Prince Ribbit
  7894 | D:9      | Killed Prince Ribbit
  7956 | D:9      | Noticed a two-headed ogre
  7965 | D:9      | Killed a two-headed ogre
  8144 | D:10     | Entered Level 10 of the Dungeon
  8188 | D:10     | Noticed a two-headed ogre
  8199 | D:10     | Killed a two-headed ogre
  8200 | D:10     | Reached skill level 13 in Fighting
  8223 | D:10     | Found a staircase to the Lair.
  8240 | D:10     | Received a gift from Okawaru
  8275 | D:10     | Noticed a cyclops
  8290 | D:10     | Killed a cyclops
  8290 | D:10     | Reached ***** piety under Okawaru
  8748 | D:10     | Noticed a wizard
  8766 | D:10     | Killed a wizard
  8767 | D:10     | Reached XP level 12. HP: 85/105 MP: 12/12
  9264 | D:11     | Received a gift from Okawaru
  9264 | D:11     | Found the +1 cloak of Starlight {*Dazzle EV+4 Stlth--}
  9818 | D:12     | Noticed a centaur warrior
  9940 | D:12     | Killed a centaur warrior
  9941 | D:12     | Reached skill level 14 in Fighting
 10527 | Lair:1   | Entered Level 1 of the Lair of Beasts
 10913 | Lair:1   | Reached skill level 10 in Armour
 11374 | Lair:2   | Noticed Nergalle
 11383 | Lair:2   | Killed Nergalle
 11393 | Lair:2   | Reached XP level 13. HP: 96/114 MP: 13/13
 11459 | Lair:2   | Noticed Erica
 11491 | Lair:2   | Killed Erica
 11596 | Lair:2   | Reached skill level 15 in Fighting
 12084 | Lair:2   | Found a staircase to the Swamp.
 12097 | Lair:2   | Reached skill level 1 in Invocations
 12111 | Lair:2   | Identified the +0 ring mail of Sorcery {rPois Will- Dex+3
                  | SInv} (Okawaru gifted it to you on level 2 of the Lair of
                  | Beasts)
 12111 | Lair:2   | Received a gift from Okawaru
 12325 | D:5      | Bought +0 gold dragon scales for 880 gold pieces
 12465 | Orc:1    | Entered Level 1 of the Orcish Mines
 12465 | Orc:1    | Found a radiant altar of Vehumet.
 12659 | Orc:2    | Entered Level 2 of the Orcish Mines
 12923 | Orc:2    | Noticed an orc warlord
 12938 | Orc:2    | Killed an orc warlord
 13105 | Orc:2    | Reached skill level 5 in Invocations
 13107 | Orc:2    | Reached skill level 16 in Fighting
 13301 | Orc:2    | Found a staircase to the Elven Halls.
 13556 | Orc:2    | Received a gift from Okawaru
 13586 | Orc:2    | Reached XP level 14. HP: 126/126 MP: 19/19
 13586 | Orc:2    | Found Izohan's General Store.
 13586 | Orc:2    | Found Xipykual's Armour Shop.
 13588 | Orc:2    | Found Vinoqap's Jewellery Shoppe.
 13588 | Orc:2    | Found Weteaga's Antique Weapon Shop.
 13599 | Orc:2    | Bought the +2 pair of gloves of Kindness {Will+ Int-5
                  | Dex+8} for 367 gold pieces
 13714 | Orc:1    | Reached skill level 1 in Evocations
 14267 | Lair:2   | Reached skill level 1 in Throwing
 14596 | Lair:3   | Found a staircase to the Snake Pit.
 15273 | Lair:4   | Found a viscous altar of Jiyva.
 15276 | Lair:4   | Found a staircase to the Slime Pits.
 15355 | Lair:4   | Found a gate leading to a gauntlet.
 15362 | Lair:4   | Reached skill level 17 in Fighting
 15366 | Lair:4   | Identified the +0 robe "Puicoam" {+Blink rN+ Will+ Stlth+}
                  | (Okawaru gifted it to you on level 4 of the Lair of Beasts)
 15366 | Lair:4   | Received a gift from Okawaru
 16018 | Lair:5   | Entered Level 5 of the Lair of Beasts
 16065 | Lair:5   | Found a runed translucent door.
 16065 | Lair:5   | Noticed mrw3rdna's ghost (journeyman SpVM)
 16105 | Lair:5   | Killed mrw3rdna's ghost
 16244 | Lair:5   | Reached skill level 5 in Evocations
 16310 | Lair:5   | Reached skill level 5 in Shields
 16423 | Lair:5   | Reached ****** piety under Okawaru
 16575 | Lair:5   | Received a gift from Okawaru
 16998 | Lair:5   | Reached XP level 15. HP: 135/136 MP: 20/20
 17410 | D:8      | Acquired 747 gold pieces
 17544 | Orc:2    | Bought the amulet of Balance {rElec rC+ Regen+ Str+2 Dex+3}
                  | for 1045 gold pieces
 17884 | D:13     | Identified the +6 chain mail of Fuplac {rElec Str+4 SInv}
                  | (Okawaru gifted it to you on level 13 of the Dungeon)
 17884 | D:13     | Received a gift from Okawaru
 17901 | D:13     | Noticed Maurice
 17909 | D:13     | Killed Maurice
 17950 | D:13     | Found a glowing golden altar of the Shining One.
 18091 | D:13     | Reached skill level 18 in Fighting
 18183 | D:13     | Noticed Snorg
 18193 | D:13     | Killed Snorg
 18412 | D:14     | Noticed Kirke
 18422 | D:14     | Killed Kirke
 18549 | D:14     | Reached skill level 5 in Throwing
 18673 | D:14     | Found a gate to the Vaults.
 18981 | D:14     | Identified the ring of Ynedihob {Int+2 Dex+6}
 18983 | D:14     | Identified the ring "Bepecu Noda" {Str+4 Int+6 SInv}
 19020 | D:14     | Received a gift from Okawaru
 19105 | D:14     | Identified the amulet "Jitezytwe" {Faith Str+2 Dex+3}
 19108 | D:14     | Identified the amulet "Qyc Rut" {Reflect rC+ Will+ Str+2
                  | SH+5}
 19492 | D:14     | Identified the +0 ring mail "Dyagg" {rPois Regen+ rCorr}
                  | (Okawaru gifted it to you on level 14 of the Dungeon)
 19492 | D:14     | Received a gift from Okawaru
 19978 | D:15     | Entered Level 15 of the Dungeon
 20274 | D:15     | Reached XP level 16. HP: 144/145 MP: 21/21
 20278 | D:15     | Reached skill level 19 in Fighting
 20290 | D:15     | Noticed Azrael
 20337 | D:15     | Killed Azrael
 20489 | D:15     | Found a staircase to the Depths.
 20598 | D:15     | Received a gift from Okawaru
 20810 | D:15     | Found a shimmering altar of Xom.
 20899 | D:15     | Found a portal to a secret trove of treasure.
 21406 | Swamp:1  | Entered Level 1 of the Swamp
 21600 | Swamp:1  | Identified the +3 robe of the Devil's Team {rC++} (Okawaru
                  | gifted it to you on level 1 of the Swamp)
 21600 | Swamp:1  | Received a gift from Okawaru
 21642 | Swamp:1  | Noticed a thorn hunter
 21651 | Swamp:1  | Killed a thorn hunter
 22273 | Swamp:2  | Found a runed translucent gate.
 22273 | Swamp:2  | Found a runed translucent gate.
 22273 | Swamp:2  | Found a runed translucent gate.
 22319 | Swamp:2  | Noticed Fractals's ghost (journeyman MiBe)
 22319 | Swamp:2  | Noticed Kazon's ghost (adept GrFi)
 23119 | Swamp:3  | Noticed a fenstrider witch
 23144 | Swamp:3  | Killed a fenstrider witch
 23249 | Swamp:3  | Reached skill level 20 in Fighting
 23251 | Swamp:3  | Noticed a thorn hunter
 23278 | Swamp:3  | Killed a thorn hunter
 23373 | Swamp:3  | Noticed a thorn hunter
 23389 | Swamp:3  | Killed a thorn hunter
 23390 | Swamp:3  | Reached skill level 15 in Polearms
 23436 | Swamp:3  | Reached XP level 17. HP: 127/155 MP: 23/23
 23612 | Swamp:3  | Received a gift from Okawaru
 23777 | Swamp:4  | Entered Level 4 of the Swamp
 24132 | Swamp:4  | Noticed the 27-headed Lernaean hydra
 24142 | Swamp:4  | HP: 6/156 [the 27-headed Lernaean hydra (12)]
 24143 | Swamp:4  | Slain by the 27-headed Lernaean hydra

Illustrated notes

Levels and vault maps discovered:
D:1:      kilobyte_arrival_exit_the_forest, layout_loops_corners,
          chequers_serial_rivers_micro_a, kennysheep_nondescript,
          minmay_quantized
D:2:      layout_basic, serial_shops, nicolae_shop_pleasant_corner_grove,
          grunt_decor_one_mirror, uniq_crazy_yiuf_cottage
D:3:      layout_basic, lemuel_tele_altar, hellmonk_ecumenical_altar_run_dry
D:4:      layout_cave_pools, nicolae_overflow_crystal_walls
D:5:      layout_loops_corners, lemuel_round_altar, elyvilon_altar_1,
          nicolae_shop_dragon_depot, minmay_fractal_squares_diagonal_5,
          uniq_duvessa, uniq_grinder
D:6:      layout_basic, mainiacjoe_overflow_alcove_3, okawaru_ov_weapons_minmay,
          serial_shops, nicolae_shop_rolling_square, uniq_maggie,
          uniq_blork_the_orc
D:7:      layout_basic, general_overflow_altar, minmay_temple_entry_glass,
          gammafunk_ghost_nasty_kobolds, kennysheep_small_spiral,
          grunt_ministairs_14, minmay_hollow_rounded_squares, uniq_menkaure
D:8:      layout_basic, chequers_big_river, water_maze_lemuel
D:9:      layout_roguey, orc_david_3, uniq_joseph, uniq_prince_ribbit1
D:10:     layout_loops_ring, hellmonk_lair_entry_icy, minmay_misc_feat_iff
D:11:     layout_basic
D:12:     layout_loops_ring
D:13:     layout_loops_cross, nicolae_tso_carved_into_rock, uniq_snorg,
          uniq_maurice
D:14:     minmay_the_grid_triangle_9x9_rhombus_thin
          [minmay_the_grid_triangle_9x9_windchime,
          minmay_the_grid_triangle_9x9_prize_special,
          minmay_the_grid_triangle_9x9_corrupted_corridor,
          minmay_the_grid_triangle_9x9_longest], layout_basic,
          lightli_vaults_fourway_checkpoint, serial_rivers,
          chequers_serial_rivers_large_b, chequers_serial_rivers_small_b,
          chequers_serial_rivers_room_a, chequers_serial_rivers_room_b,
          hangedman_decor_points, serial_park_tiny_pond, uniq_kirke
D:15:     hangedman_depths_entry_civil_slaughter, layout_basic,
          nicolae_trove_entry_columns, nrook_mini_vaults, tgw_xom, uniq_azrael
Lair:1:   layout_hall_layers, infiniplex_staircase_pool_2
Lair:2:   layout_concentric_octagons, nicolae_swamp_entry_splash_gauntlet,
          st_stairs_7, minivault_23, uniq_erica, uniq_nergalle
Lair:3:   layout_cave_pods, minmay_snake_entry_guardpost_small
Lair:4:   layout_cellular_growth, minmay_slime_entry_pillars,
          gauntlet_entry_generic
Lair:5:   grunt_lair_end_beastmaster, layout_layer_cave, gammafunk_ghost_grave,
          serial_forest, infiniplex_forest_lined_room_3,
          infiniplex_forest_clump_tiny, infiniplex_forest_end_double,
          infiniplex_forest_clump_curved, infiniplex_forest_lined_2,
          infiniplex_forest_clump_tiny, infiniplex_forest_clump_C
Swamp:1:  cheibrodos_swamp_tower_of_moss, layout_falls_marsh,
          evilmike_swamp_ruin_house_1, swamp_pool3
Swamp:2:  layout_basic_swamp, gammafunk_ghost_cemetery,
          evilmike_swamp_ruin_house_4
Swamp:3:  layout_basic_swamp, evilmike_swamp_ruin_house_3
Swamp:4:  swamp_old_school, layout_basic_swamp
Orc:1:    layout_caves, basic_altar
Orc:2:    grunt_orc_tribal_feast, layout_caves, basic_altar, mines4_lemuel

Skill      XL: |  1  2  3  4  5  6  7  8  9 10 11 12 13 14 15 16 17 |
---------------+----------------------------------------------------+-----
Polearms       | 3 4 5 7 8 9 12 14 15 | 15.9
Fighting       | 4 5 6 7 10 12 13 14 16 17 18 20 | 20.5
Armour         | 5 8 10 11 | 11.8
Invocations    | 7 9 |  9.2
Evocations     | 6 9 |  9.0
Throwing       | 4 6 |  6.0
Shields        | 5 7 8 9 |  9.1

Action                     |  1- 3 |  4- 6 |  7- 9 | 10-12 | 13-15 | 16-18 || total
---------------------------+-------+-------+-------+-------+-------+-------++-------
  Melee: Trident           |    76 |       |       |       |       |       ||    76
         Spear             |    10 |   112 |       |       |       |       ||   122
         Demon trident     |       |    33 |   183 |   528 |  1087 |   572 ||  2403
         Tailslap          |       |       |       |       |     1 |    18 ||    19
  Throw: Dart              |       |       |       |     8 |     6 |     4 ||    18
         Throwing net      |       |       |       |       |     1 |     4 ||     5
 Invoke: Heroism           |       |       |       |     2 |     6 |     4 ||    12
         Finesse           |       |       |       |       |       |     3 ||     3
  Evoke: Wand              |       |     2 |       |       |       |       ||     2
    Use: Potion            |     1 |     1 |     2 |     1 |     1 |     2 ||     8
         Scroll            |       |    12 |     3 |     6 |     9 |     3 ||    33
   Stab: Invisible         |       |       |       |     5 |    11 |    11 ||    27
         Held in net/web   |       |       |       |       |     1 |       ||     1
 Armour: Scale mail        |    32 |    54 |    36 |    14 |       |       ||   136
         Chain mail        |       |       |       |   150 |     7 |       ||   157
         Gold dragon scale |       |       |       |       |   387 |   270 ||   657
  Dodge: Dodged            |    24 |    55 |    35 |   149 |   310 |   176 ||   749
  Block: Buckler           |     8 |    22 |    20 |    65 |    96 |       ||   211
         Kite shield       |       |       |       |       |   137 |   236 ||   373
